 Dungeon Crawl Stone Soup version 0.31.0-11-ge490571c62 (webtiles) character file.

Game seed: 14479727200500779640

149 Flugkiller the Trooper (level 5, -5/48 HPs)
             Began as a Minotaur Fighter on Jan 29, 2024.
             Killed by nerve-wracking pain
             ... invoked by Grinder
              (12 damage)
             ... on level 3 of the Dungeon.
             The game lasted 00:00:54 (2890 turns).

Flugkiller the Trooper (Minotaur Fighter)           Turns: 2890, Time: 00:00:55

Health: -5/48      AC:  8    Str: 19 (22) XL:     5   Next: 9%
Magic:  4/4        EV:  9    Int:  3 (5)  God:
Gold:   141        SH:  4    Dex:  9 (10) Spells: 4/4 levels left

rFire   . . .        a - +0 war axe
rCold   . . .        c - +0 buckler
rNeg    . . .        b - +0 scale mail
rPois   .            (helmet restricted)
rElec   .            (no cloak)
rCorr   .            f - +0 pair of gloves
SInv    .            (no boots)
Will    .....        (no amulet) Stlth
                     (no ring)
HPRegen 0.28/turn    (no ring)
MPRegen 0.09/turn

%: no passive effects
@: brilliant
A: horns 2, retaliatory headbutt
a: no special abilities


You were on level 3 of the Dungeon.
You visited 1 branch of the dungeon, and saw 3 of its levels.

You collected 141 gold pieces.

Inventory:

Hand Weapons
 a - a +0 war axe (weapon)
Missiles
 e - a throwing net (quivered)
Armour
 b - a +0 scale mail (worn)
 c - a +0 buckler (worn)
 f - a +0 pair of gloves (worn)
   (You found it on level 1 of the Dungeon)
Scrolls
 h - a scroll of enchant armour {unknown}
 j - 2 scrolls of identify {unknown}
 l - 2 scrolls of amnesia {unknown}
Potions
 d - a potion of might
 k - 2 potions of curing {unknown}


   Skills:
 * Level 5.0 Fighting
 * Level 4.3 Axes
 + Level 4.2 Armour
 + Level 4.3 Shields


You had 4 spell levels left.
You didn't know any spells.
Your spell library contained the following spells:

 Spells                   Type           Power      Damage    Failure   Level
 Foxfire                  Conj/Fire      0%         2x1d4     91%         1
 Passage of Golubria      Tloc           0%         N/A       100%        4
 Silence                  Hex/Air        0%         N/A       100%        5
 Plasma Beam              Fire/Air       0%         2x1d10    100%        6
 Starburst                Conj/Fire      0%         6d3       100%        6
 Lehudib's Crystal Spear  Conj/Erth      0%         10d2      100%        8


Dungeon Overview and Level Annotations

Branches:
Dungeon (3/15)

Altars:

Annotations:
D:3 Grinder


Innate Abilities, Weirdness & Mutations

You have a pair of horns on your head.
You reflexively headbutt those who attack you in melee.


Message History

Grinder hits you.
You writhe in agony.
You barely miss Grinder. You headbutt Grinder!
Grinder is severely wounded.
Grinder barely misses you.
You hit Grinder but do no damage.
Grinder is severely wounded.
Grinder misses you.
You closely miss Grinder.
Grinder is severely wounded.
Grinder gestures at you.
You barely resist. You block Grinder's attack.
You hit Grinder but do no damage.
Grinder is severely wounded.
Grinder gestures at you. You resist with significant effort.
You hit Grinder.
Grinder is severely wounded.
Grinder gestures at you.
You suddenly lose the ability to move!
Grinder blinks!
You can move again.
Grinder gestures at you. Pain shoots through your body!
Grinder gestures at you. You resist with significant effort. Grinder hits you!
You writhe in agony.
You are too injured to fight recklessly!
You are too injured to fight recklessly!
You hit Grinder but do no damage.
Grinder is severely wounded.
Grinder gestures at you. You resist with significant effort.
Grinder blinks!
You are too injured to fight recklessly!
Unknown command.
You hit Grinder but do no damage.
Grinder is severely wounded.
Grinder gestures at you.
You suddenly lose the ability to move!
Grinder says, "I used to sell toenails on the black market."
Grinder hits you but does no damage.
You can move again.
You barely miss Grinder.
Grinder is severely wounded.
Grinder hits you but does no damage.
You hit Grinder. Your headbutt misses Grinder.
Grinder is severely wounded.
You block Grinder's attack.
Grinder blinks!
Grinder gestures at you. Pain shoots through your body!
Unknown command.
You aren't carrying any items that you can evoke.
Unknown command.
Grinder blinks!
Grinder gestures at you.
You suddenly lose the ability to move!
Grinder gestures at you.
You shrug off the repeated paralysis!
You can move again.
It was a potion of degeneration.
There was something very wrong with that liquid.
You feel weakened.
You feel dopey.
You feel clumsy.
Unknown command.
It was a potion of brilliance.
You feel clever all of a sudden. Grinder gestures at you.
You shrug off the repeated paralysis!
Unknown command.
Grinder blinks!
You are too injured to fight recklessly!
Grinder blinks!
You are too injured to fight recklessly!
You are too injured to fight recklessly!
You are too injured to fight recklessly!
Grinder gestures at you.
You suddenly lose the ability to move!
Grinder hits you.
You writhe in agony.
* * * LOW HITPOINT WARNING * * *
Grinder hits you.
* * * LOW HITPOINT WARNING * * *
You writhe in agony.
* * * LOW HITPOINT WARNING * * *
Grinder hits you but does no damage. Grinder gestures at you.
You resist with significant effort.
You can move again.
You barely miss Grinder. Your headbutt misses Grinder.
Grinder is severely wounded.
Grinder hits you but does no damage.
You barely miss Grinder. You headbutt Grinder!
Grinder is almost dead.
Grinder hits you but does no damage.
You closely miss Grinder.
Grinder is almost dead.
Grinder hits you but does no damage. x2
You barely miss Grinder. Your headbutt misses Grinder.
Grinder is almost dead.
Grinder gestures at you. Pain shoots through your body!
You die...
Grinder sighs, "Dead already?
I want a refund."

#.#+#....#####.# #.
# +..........# #.
#+#...#...########.
#...#####.###......
##..##............#
##.###............#
#...######..#.....+
#...# #..#.....#
#.@.## #..#.....#
##.5.# #..#.....#
#...## #..#######
##...# ##.# ##...#
#.# ##...# ...#
#...# ...#


You could see Grinder.

Vanquished Creatures
  An orc priest (D:2)
  4 adders (D:2)
  4 gnolls (D:2)
  A dart slug (D:1)
  A ribbon worm (D:2)
  3 orcs (D:2)
  2 bats (D:1)
  5 endoplasms
  3 giant cockroaches
  A hobgoblin (D:1)
  2 kobolds
  3 quokkas (D:2)
  3 ball pythons (D:1)
  2 frilled lizards
  6 goblins
  2 rats
43 creatures vanquished.

Notes
Turn   | Place    | Note
-------+----------+-------------------------------------------
     0 | D:1      | Flugkiller the Minotaur Fighter began the quest for the
                  | Orb.
     0 | D:1      | Reached XP level 1. HP: 19/19 MP: 0/0
   361 | D:1      | Reached XP level 2. HP: 27/27 MP: 1/1
   414 | D:1      | Reached skill level 4 in Fighting
  1228 | D:2      | Reached XP level 3. HP: 28/33 MP: 2/2
  1354 | D:2      | Reached XP level 4. HP: 5/41 MP: 3/3
  1917 | D:2      | Reached skill level 5 in Fighting
  2178 | D:2      | Reached XP level 5. HP: 35/48 MP: 4/4
  2851 | D:3      | Noticed Grinder
  2860 | D:3      | Paralysed by Grinder for 2 turns
  2868 | D:3      | Paralysed by Grinder for 2 turns
  2875 | D:3      | Paralysed by Grinder for 3 turns
  2882 | D:3      | Paralysed by Grinder for 5 turns
  2890 | D:3      | Killed from afar by Grinder

Illustrated notes

Levels and vault maps discovered:
D:1:      lemuel_arrival_rhombus, layout_loops_ring, serial_co_window_serial,
          co_window_paths_b, co_window_paths_a, co_window_paths_a,
          co_window_of_opportunity_a, co_window_paths_a, co_window_corner_b,
          co_window_2corner, co_window_broadway_a, co_window_corner_b,
          co_window_corner_b, co_window_cross_2, co_window_broadway_a,
          co_window_4corner_a, glass_columns_c
D:2:      layout_basic, serial_bayou, serial_bayou_pond_b,
          serial_bayou_lagoon_a, serial_bayou_pond_d, serial_bayou_ford_a,
          serial_bayou_pond_d, serial_bayou_lake_a
D:3:      layout_basic, nicolae_overflow_hidden_temple, serial_curves,
          eino_curves_02, eino_curves_01, serial_shops,
          nicolae_shop_behind_doors, minmay_misc_feat_secret_circle,
          uniq_grinder, uniq_terence

Skill      XL: |  1  2  3  4 |
---------------+-------------+-----
Fighting       | 4 5 |  5.0
Axes           | 3 4 |  4.3
Shields        | 4 |  4.3
Armour         | 4 |  4.2

Action                     |  1- 3 |  4- 6 || total
---------------------------+-------+-------++-------
  Melee: War axe           |    57 |    45 ||   102
         Headbutt          |     7 |     4 ||    11
    Use: Potion            |       |     2 ||     2
 Armour: Scale mail        |    40 |    41 ||    81
  Dodge: Dodged            |    22 |    20 ||    42
  Block: Buckler           |    12 |    10 ||    22
